 Dungeon Crawl Stone Soup version 0.23.2 (webtiles) character file.

Game seed: 17132132071386440401

30 Menchi the Stinger (level 3, -7/26 HPs)
             Began as a Formicid Venom Mage on Apr 11, 2019.
             Mangled by Sigmund
             ... wielding a +0 scythe
              (13 damage)
             ... on level 2 of the Dungeon.
             The game lasted 00:04:11 (1395 turns).

Menchi the Stinger (Formicid Venom Mage)            Turns: 1395, Time: 00:04:12

Health: -7/26      AC:  2    Str: 12    XL:     3   Next: 35%
Magic:  2/6        EV: 12    Int: 14    God:
Gold:   22         SH:  0    Dex: 12    Spells: 6/7 levels left

rFire    . . .     SeeInvis +   (no weapon)
rCold    + . .     Gourm    .   (no shield)
rNeg     . . .     Faith    .   a - +0 robe
rPois    .         Spirit   .   (helmet unavailable)
rElec    .         Reflect  .   (no cloak)
rCorr    .         Harm     .   (no gloves)
MR       .....                  (no boots)
Stlth    ++........             b - amulet of inaccuracy (curse)
HPRegen  0.08/turn              e - ring of protection from cold
MPRegen  0.10/turn              (no ring)

@: very slightly contaminated
A: permanent stasis, dig shafts and tunnels, four strong arms, antennae 3
a: Dig, Shaft Self


You were on level 2 of the Dungeon.
You were very hungry.

You visited 1 branch of the dungeon, and saw 2 of its levels.

You collected 22 gold pieces.

Inventory:

Armour
 a - a +0 robe (worn)
Jewellery
 b - a cursed amulet of inaccuracy (around neck)
 e - a ring of protection from cold (left hand)
Scrolls
 d - a scroll of identify {unknown}
Comestibles
 c - 2 rations


   Skills:
 * Level 1.0 Fighting
 * Level 0.8 Armour
 + Level 1.9 Dodging
 * Level 3.0 Stealth
 + Level 2.5 Spellcasting
 + Level 1.1 Conjurations
 + Level 4.3 Poison Magic


You had 6 spell levels left.
You knew the following spells:

 Your Spells              Type           Power        Failure   Level  Hunger
a - Sting                 Conj/Pois      #...         8%          1    #......

Your spell library contained the following spells:

 Spells                   Type           Power        Failure   Level  Hunger
 Poisonous Vapours        Pois/Air       #.....       14%         2    ###....
 Mephitic Cloud           Conj/Pois/Air  #.......     32%         3    ###....
 Olgreb's Toxic Radiance  Pois           ##......     36%         4    #####..
 Venom Bolt               Conj/Pois      #.........   91%         5    ######.


Dungeon Overview and Level Annotations

Branches:
Dungeon (2/15)

Altars:

Annotations:
D:2 Sigmund


Innate Abilities, Weirdness & Mutations

You cannot be hasted, slowed, berserked, paralysed or teleported.
You can dig through walls and to a lower floor.
Your four strong arms can wield two-handed weapons with a shield.
You have a pair of large antennae on your head. (SInv)


Message History

Aiming: Sting (safe; 8% risk of failure)
Press: ? - help, Shift-Dir - straight line, f - Sigmund
Aim: Sigmund, wielding a +0 scythe and wearing a +0 robe (slightly transparent)
The sting misses Sigmund.
Casting: Sting (safe; 8% risk of failure)
Confirm with . or Enter, or press ? or * to list all spells.
Aiming: Sting (safe; 8% risk of failure)
Press: ? - help, Shift-Dir - straight line, f/p - Sigmund
Aim: Sigmund, wielding a +0 scythe and wearing a +0 robe (slightly transparent)
The sting hits Sigmund but does no damage.
Sigmund misses you. The rat barely misses you.
The dart slug launches a dart at you. The slug dart hits you.
* * * LOW HITPOINT WARNING * * *
The rat closely misses you. The dart slug bites you.
* * * LOW HITPOINT WARNING * * *
A hobgoblin comes into view.
Sigmund hits you from afar with a +0 scythe!
Ouch! That really hurt!
You die...

#.... #.# .##.[....
...# ....... ...###
#>...# ..... #....#
###.#.##.#..## ####
.#............### ..(
.......#....#...####.#
#.....@w............#
g....#...@...........##
... ###r.?...........#
. #............#.# {
#..(.....#...#.##
##..##..........#
##......###.#..#
##...#.# #.#<.. #......
#.....


You could see Sigmund (invisible), a dart slug, a hobgoblin (sleeping) and a
rat.

Vanquished Creatures
  2 dart slugs (D:1)
  A leopard gecko (D:1)
  6 bats
  2 giant cockroaches
  5 goblins
  A hobgoblin (D:1)
  2 frilled lizards (D:1)
  A kobold (D:1)
  4 rats
24 creatures vanquished.

Notes
Turn   | Place    | Note
-------+----------+-------------------------------------------
     0 | D:1      | Menchi the Formicid Venom Mage began the quest for the Orb.
     0 | D:1      | Reached XP level 1. HP: 13/13 MP: 3/3
   154 | D:1      | Reached XP level 2. HP: 9/19 MP: 0/5
   875 | D:1      | Reached XP level 3. HP: 25/25 MP: 3/6
  1031 | D:1      | Reached skill level 1 in Conjurations
  1274 | D:2      | Noticed Sigmund
  1336 | D:2      | Reached skill level 1 in Fighting
  1395 | D:2      | Mangled by Sigmund

Skill      XL: |  1  2  3 |
---------------+----------+-----
Conjurations   | 1 |  1.1
Stealth        | 3 |  3.0
Fighting       | 1 |  1.0
Armour         | |  0.8
Dodging        | |  1.9
Spellcasting   | |  2.5
Poison Magic   | |  4.3

Action                   || total
-------------------------++-------
Melee: Unarmed           ||    47
 Cast: Sting             ||    56
  Use: Scroll            ||     2
  Eat: Chunk             ||     1
Armor: Robe              ||    31
Dodge: Dodged            ||    58
